 Dungeon Crawl Stone Soup version 0.27.0-1-g7a089689b8 (webtiles) character file.

Game seed: 6214607836131826468

461 GordonOverkill the Sneak (level 6, -6/57 HPs)
             Began as a Deep Elf Brigand on Aug 8, 2021.
             Was an Initiate of Ru.
             Succumbed to a kobold brigand's curare-tipped dart
             ... in a sewer.
             The game lasted 00:10:33 (5139 turns).

GordonOverkill the Sneak (Deep Elf Brigand)         Turns: 5139, Time: 00:10:33

Health: -6/57      AC:  9    Str: 15 (16) XL:     6   Next: 79%
Magic:  3/8        EV: 10    Int: 15 (16) God:    Ru [......]
Gold:   93         SH:  0    Dex: 14 (16) Spells: 5/5 levels left

rFire    . . .     SeeInvis +   a - +1 dagger (venom)
rCold    . . .     Faith    .   (no shield)
rNeg     . . .     Spirit   +   l - +0 ring mail
rPois    .         Reflect  .   C - +0 helmet
rElec    .         Harm     .   c - +0 cloak
rCorr    .         Rampage  .   D - +0 pair of gloves
Will     .....                  p - +0 pair of boots
Stlth    ..........             h - amulet of guardian spirit
HPRegen  0.19/turn              o - +6 ring of strength
MPRegen  0.11/turn              n - ring of see invisible

@: berserking, lethally poisoned (-6 -> -33), slowed
A: no striking features
a: Renounce Religion


You were in a sewer.
You worshipped Ru.
Ru was noncommittal.
You visited 2 branches of the dungeon, and saw 6 of its levels.
You also visited: Sewer.

You collected 219 gold pieces.
You spent 126 gold pieces at shops.

Inventory:

Hand Weapons
 a - a +1 dagger of venom (weapon)
 b - a +1 dagger of speed
 k - a +0 rapier
Missiles
 d - 28 poisoned darts (quivered)
 f - a throwing net
 g - 2 curare-tipped darts
 t - 3 javelins
Armour
 c - a +0 cloak (worn)
 l - a +0 ring mail (worn)
 p - a +0 pair of boots (worn)
 C - a +0 helmet (worn)
 D - a +0 pair of gloves (worn)
Jewellery
 h - an amulet of guardian spirit (around neck)
 n - a ring of see invisible (right hand)
 o - a +6 ring of strength (left hand)
Wands
 z - a wand of flame (14)
Scrolls
 s - 3 scrolls of teleportation
Potions
 e - a potion of degeneration
 i - a potion of magic {unknown}
 j - a potion of invisibility {unknown}
 m - a potion of ambrosia {unknown}
 q - a potion of haste
 u - a potion of berserk rage
 v - a potion of resistance {unknown}
 w - a potion of lignification {unknown}
 B - a potion of curing {unknown}


   Skills:
 + Level 3.7 Fighting
 + Level 4.5 Short Blades
 + Level 4.4 Throwing
 - Level 1.2 Dodging
 - Level 4.8 Stealth


You had 5 spell levels left.
You didn't know any spells.
Your spell library was empty.

Dungeon Overview and Level Annotations

Branches:
Dungeon (5/15)             Temple (1/1) D:4           Sewer (1/1)

Altars:
Ashenzari
Cheibriados
Dithmenos
Elyvilon
Fedhas
Gozag
Hepliaklqana
Kikubaaqudgha
Nemelex Xobeh
Okawaru
Qazlal
Ru
Sif Muna
Trog
Uskayaw
Vehumet
Wu Jian
Xom
Yredelemnul
Zin
The Shining One

Shops:
D:4 [


Message History

The kobold hits you but does no damage.
You hit the kobold brigand but do no damage.
You barely miss the kobold brigand.
Your unstable footing causes you to fumble your attack.
The kobold hits you but does no damage.
Your unstable footing causes you to fumble your attack.
The kobold barely misses you. The kobold brigand closely misses you.
The kobold throws a stone.
The stone hits you.
The kobold brigand throws a curare-tipped dart.
The curare-tipped dart hits you.
You are poisoned.
You have difficulty breathing.
You feel yourself slow down.
You feel very sick.
You feel very sick.
The kobold brigand throws a curare-tipped dart.
The curare-tipped dart hits you.
You are lethally poisoned!
You have difficulty breathing.
* * * LOW HITPOINT WARNING * * *
You feel as though you will be slow longer.
The kobold throws a stone.
The stone hits you but does no damage.
* * * LOW HITPOINT WARNING * * *
You feel very sick.
The kobold throws a stone.
The stone closely misses you.
It was a potion of degeneration.
There was something very wrong with that liquid.
You feel weakened.
You feel dopey.
You feel clumsy.
e - a potion of degeneration;
g - 2 curare-tipped darts
* * * LOW HITPOINT WARNING * * *
You feel very sick.
The kobold brigand throws a curare-tipped dart.
The curare-tipped dart hits you.
You are more poisoned.
You have difficulty breathing.
* * * LOW HITPOINT WARNING * * *
You feel as though you will be slow longer.
It was a potion of berserk rage.
A red film seems to cover your vision as you go berserk!
You feel yourself moving faster!
You feel mighty!
You die...

...## ....# ...
####.#### #.≈≈≈...#
#≈.≈K≈..# #.≈≈≈≈≈≈#
#KK≈≈≈≈.# #@≈≈≈≈≈≈#
#.≈≈≈≈≈.# #≈.≈≈≈..#
################.≈≈≈≈.≈#
≈≈≈≈≈≈≈≈≈≈≈≈≈≈≈≈≈≈≈≈≈≈.#
################.≈≈≈≈..#
##.≈≈≈≈## #.≈≈≈.#
#.≈≈≈.###


You could see a kobold brigand and 2 kobolds.

Vanquished Creatures
  A necrophage (D:4)
  A scorpion (D:4)
  A howler monkey (D:4)
  A gnoll shaman (D:3)
  2 iguanas (D:4)
  A hound skeleton (D:4)
  6 gnolls
  3 adders
  A river rat (Sewer)
  2 worms
  4 dart slugs
  5 ball pythons
  7 endoplasms
  4 giant cockroaches
  7 goblins
  6 hobgoblins
  4 jackals (D:1)
  7 kobolds
  3 quokkas
  8 bats
  3 frilled lizards (D:1)
  8 rats
85 creatures vanquished.

Vanquished Creatures (others)
  15 fungi (D:4)
  4 plants (D:4)
19 creatures vanquished.

Grand Total: 104 creatures vanquished

Notes
Turn   | Place    | Note
-------+----------+-------------------------------------------
     0 | D:1      | GordonOverkill the Deep Elf Brigand began the quest for the
                  | Orb.
     0 | D:1      | Reached XP level 1. HP: 12/12 MP: 3/3
   206 | D:1      | Found a faded altar of an unknown god.
   359 | D:1      | Reached XP level 2. HP: 17/17 MP: 4/4
   996 | D:2      | Reached XP level 3. HP: 21/21 MP: 5/5
  2140 | D:3      | Reached XP level 4. HP: 23/27 MP: 6/6
  3028 | D:4      | Found a staircase to the Ecumenical Temple.
  3031 | D:4      | Noticed a scorpion
  3036 | D:4      | Killed a scorpion
  3037 | D:4      | Reached XP level 5. HP: 32/32 MP: 7/7
  3070 | Temple   | Entered the Ecumenical Temple
  3348 | Temple   | Became a worshipper of Ru the Awakened
  3720 | D:4      | Reached XP level 6. HP: 35/37 MP: 8/8
  3962 | D:4      | Found Orophops's Armour Boutique.
  4093 | D:4      | Bought a +0 helmet for 63 gold pieces
  4098 | D:4      | Bought a +0 pair of gloves for 63 gold pieces
  4896 | D:5      | Entered Level 5 of the Dungeon
  5042 | D:5      | Found a glowing drain.
  5046 | Sewer    | Entered a sewer
  5138 | Sewer    | HP: 1/38 [asphyx]
  5139 | Sewer    | Succumbed to a kobold brigand's curare-tipped dart

Illustrated notes

Levels and vault maps discovered:
D:1:      minmay_arrival_stone_box, layout_basic, ebering_ecumenical_altar_ruins
D:2:      layout_loops_ring
D:3:      layout_rooms, minmay_puff
D:4:      cheibrodos_old_hovel, layout_loops_ring, minmay_temple_entry_wispy,
          serial_aquarium, aquarium_bridge_straight [aquarium_subvault_bridge,
          aquarium_subvault_window, aquarium_subvault_bridge,
          aquarium_subvault_wall], aquarium_bridge_square
          [aquarium_subvault_window, aquarium_subvault_bridge,
          aquarium_subvault_bridge, aquarium_subvault_wall],
          aquarium_window_corner, aquarium_window_corridor_3, aquarium_view_2c,
          aquarium_view_2d, aquarium_pool_S, serial_shops, nicolae_stop_n_shop_1
D:5:      layout_loops_corners, serial_shops, kennysheep_little_box,
          gup_sewer_entry_spiral, gammafunk_ghost_smash
Temple:   roderic_octagonal_lattice_temple
Sewer:    sewer_kobolds

Skill      XL: |  1  2  3  4  5  6 |
---------------+-------------------+-----
Fighting       | 2 3 |  3.7
Short Blades   | 3 4 |  4.5
Throwing       | 3 4 |  4.4
Dodging        | |  1.2
Stealth        | |  4.8

Action                   |  1- 3 |  4- 6 || total
-------------------------+-------+-------++-------
Melee: Dagger            |   116 |   169 ||   285
Throw: Dart              |    29 |    31 ||    60
  Use: Scroll            |     3 |     4 ||     7
       Potion            |       |     2 ||     2
 Stab: Sleeping          |    14 |     4 ||    18
       Distracted        |       |     2 ||     2
Armor: Robe              |     4 |       ||     4
       Ring mail         |    27 |    47 ||    74
Dodge: Dodged            |    54 |    52 ||   106
